 Dungeon Sprint DCSS version 0.21-a0-414-gba8bdf1 (webtiles) character file.

252 Kidiri the Insei (level 5, -7/45 HPs)
             Began as a Draconian Transmuter on Nov 2, 2017.
             Was an Initiate of Wu Jian.
             Mangled by a human (15 damage)
             ... in the Dungeon (Sprint III: "The Ten Rune Challenge").
             The game lasted 00:03:27 (485 turns).

Kidiri the Insei (Draconian Transmuter)              Turns: 485, Time: 00:03:27

Health: -7/45      AC:  2    Str: 12    XL:     5   Next: 89%
Magic:  7/12       EV: 22    Int: 14    God:    Wu Jian [......]
Gold:   32         SH:  0    Dex: 17    Spells: 3/13 levels left

rFire    . . .     SeeInvis .     - Unarmed
rCold    . . .     Gourm    .   (shield currently unavailable)
rNeg     . . .     Faith    .   (armour unavailable)
rPois    x         Spirit   .   (helmet currently unavailable)
rElec    .         Reflect  .   (cloak currently unavailable)
rCorr    .         Harm     .   (gloves currently unavailable)
MR       .....     Clarity  +   (boots currently unavailable) Stlth +++.......NoTele +
                                (no amulet)
HPRegen  0.15/turn              (no ring)
MPRegen  0.13/turn              (no ring)

@: spider-form
A: unfitting armour, clarity, frail 1, AC +5
a: End Transformation, Renounce Religion


You were in the Dungeon.
You worshipped Wu Jian.
Wu Jian was noncommittal.
You were not hungry.
You were a venomous arachnid creature.
You visited 1 branch You collected 32 gold pieces.

Inventory:

Hand Weapons
 k - a +0 dagger
Missiles
 a - 11 arrows
Armour
 l - a +0 robe
Scrolls
 i - a scroll of blinking
 n - a scroll of holy word
 p - 3 scrolls of remove curse
 s - a scroll of torment
Potions
 f - a potion of haste
 g - 2 potions of magic
 h - a potion of berserk rage
 m - 2 potions of mutation
 r - 2 potions of flight
 u - a potion of agility
Books
 b - a book of Changes

   Spells                             Type                      Level
   a - Beastly Appendage              Transmutation                1
   b - Sticks to Snakes               Transmutation                2
   c - Spider Form                    Transmutation/Poison         3
   d - Ice Form                       Ice/Transmutation            4
   e - Blade Hands                    Transmutation                5
Comestibles
 c - a bread ration
 q - 3 fruits
 t - a royal jelly


   Skills:
 * Level 6.0 Fighting
 + Level 3.8 Dodging
 + Level 3.5 Stealth
 * Level 6.1 Unarmed Combat
 + Level 4.8 Spellcasting
 * Level 4.9 Transmutations
 + Level 2.1 Ice Magic
 + Level 2.9 Poison Magic


You had 3 spell levels left.
You knew the following spells:

 Your Spells              Type           Power        Failure   Level  Hunger
a - Beastly Appendage     Tmut           ###...       9%          1    None
b - Sticks to Snakes      Tmut           ###.....     12%         2    ##.....
c - Spider Form           Tmut/Pois      ##........   26%         3    ###....
d - Ice Form              Ice/Tmut       ##......     61%         4    ####...


Dungeon Overview and Level Annotations

Branches:
Dungeon (1/1)

Altars:
Okawaru
Trog
Uskayaw
Wu Jian
Beogh


Innate Abilities, Weirdness & Mutations

((Your plain brown scales are hard. (AC +5)))
You cannot fit into any form of body armour.
((You are cold-blooded and may be slowed by cold attacks.))
((You have a pair of small horns on your head.))
You possess an exceptional clarity of mind.
You are frail. (-10% HP)


Message History

You hit the human.
The human is poisoned.
The human is moderately wounded.
The human barely misses you.
Unknown command.
You hit the human but do no damage.
The human looks as sick as possible!
The human is moderately wounded.
The human barely misses you.
Unknown command.
You hit the human.
The human looks as sick as possible!
The human is heavily wounded.
The human completely misses you.
Unknown command.
You hit the human but do no damage.
The human looks as sick as possible!
The human is heavily wounded.
The human misses you.
Unknown command.
You bite the human!
The human looks as sick as possible!
The human is almost dead.
The human hits you!
You die...

▓▓ ▓▓▓ .#### ##.# #####
....#####..# #___#
.....#..#..# #p_.#
##...#..#..###+#s###+##
###..##+#..#..........#
.##..###...'.⌠........#
##..####...#...######+#
##..###....#.⌠.#
#...##.....#...#
....#......#+###
..##.#.....#
..#####....#


You could see a human.

Vanquished Creatures
  A water elemental (D)
  Jessica (D)
  2 humans (D)
  An ooze (D)
  A phantom (D)
  2 rats (D)
8 creatures vanquished.

Vanquished Creatures (others)
  2 draconian scorchers (D)
  6 hellions (D)
  A yaktaur (D)
  2 plants (D)
11 creatures vanquished.

Grand Total: 19 creatures vanquished

Notes
Turn   | Place    | Note
-------+----------+-------------------------------------------
     0 | D        | Kidiri the Draconian Transmuter began the quest for the Orb.
     0 | D        | Reached XP level 1. HP: 16/16 MP: 3/3
    30 | D        | Killed a yaktaur
    73 | D        | Killed a hellion
    99 | D        | Killed a hellion
   100 | D        | Noticed Jessica
   100 | D        | Killed a hellion
   101 | D        | Killed a hellion
   102 | D        | Killed a hellion
   106 | D        | Killed Jessica
   106 | D        | Reached skill level 1 in Stealth
   106 | D        | Reached XP level 2. HP: 26/26 MP: 3/6
   106 | D        | Reached XP level 3. HP: 31/31 MP: 3/7
   110 | D        | Learned a level 2 spell: Sticks to Snakes
   114 | D        | Learned a level 3 spell: Spider Form
   149 | D        | Killed a white draconian scorcher
   179 | D        | Killed a hellion
   201 | D        | Killed a white draconian scorcher
   294 | D        | Gained mutation: You have a pair of small horns on your head. [potion of mutation]
   294 | D        | Gained mutation: You are frail. (-10% HP) [potion of mutation]
   294 | D        | Gained mutation: You possess an exceptional clarity of mind. [potion of mutation]
   409 | D        | Noticed a water elemental
   420 | D        | Killed a water elemental
   420 | D        | Reached skill level 5 in Unarmed Combat
   420 | D        | Reached skill level 1 in Poison Magic
   420 | D        | Reached XP level 4. HP: 36/36 MP: 6/10
   433 | D        | Learned a level 4 spell: Ice Form
   463 | D        | Found an ornate altar of the Wu Jian Council.
   463 | D        | Found an iron altar of Okawaru.
   464 | D        | Found a roughly hewn altar of Beogh.
   464 | D        | Found a bloodstained altar of Trog.
   464 | D        | Found a hide-covered altar of Uskayaw.
   464 | D        | Noticed a human
   464 | D        | Noticed a human
   466 | D        | Became a worshipper of the Wu Jian Council
   478 | D        | Killed a human
   478 | D        | Reached XP level 5. HP: 20/45 MP: 6/12
   485 | D        | Mangled by a human

Vault maps used:
D:        dungeon_sprint_mu

Skill      XL: |  1  2  3  4 |
---------------+-------------+-----
Fighting       | 3 4 6 |  6.0
Dodging        | 2 3 |  3.8
Stealth        | 1 2 3 |  3.5
Unarmed Combat | 4 5 6 |  6.1
Spellcasting   | 3 4 |  4.8
Transmutations | 3 4 |  4.9
Poison Magic   | 1 2 |  2.9
Ice Magic      | 2 |  2.1

Action                   |  1- 3 |  4- 6 || total
-------------------------+-------+-------++-------
Melee: Unarmed           |    48 |    14 ||    62
       Kick              |     5 |       ||     5
       Tailslap          |     2 |       ||     2
       Headbutt          |     4 |       ||     4
 Cast: Beastly Appendage |     8 |       ||     8
       Spider Form       |     1 |     2 ||     3
       Sticks to Snakes  |     1 |       ||     1
  Use: Potion            |     4 |     1 ||     5
       Scroll            |     3 |       ||     3
 Stab: Sleeping          |     2 |       ||     2
Armor: Skin              |     4 |     2 ||     6
Dodge: Dodged            |    27 |    19 ||    46

Table legend:
 A = Spawn XP
 B = Non-spawn XP
 C = Spawn XP percentage of total XP
 D = Spawn monster count
 E = Non-spawn monster count
 F = Spawn count percentage of total count
 G = Total turns spent on level
                    A         B        C        D         E        F      G
               +---------+---------+-------+---------+---------+-------+---------
         Total |       0 |     360 |   0.0 |       0 |       8 |   0.0 |   485
               +---------+---------+-------+---------+---------+-------+---------
             D |       0 |     360 |   0.0 |       0 |       8 |   0.0 |   485
               +---------+---------+-------+---------+---------+-------+---------
